[Event "*** SCC Grand Prix: Titled Tuesday Blitz"]
[Site "Chess.com"]
[Date "2020.08.25"]
[Round "2"]
[White "Kildepiotr"]
[Black "davigator"]
[Result "1-0"]
[WhiteElo "2628"]
[BlackElo "2309"]
[TimeControl "180+1"]
[EndTime "10:20:21 PDT"]
[Termination "Kildepiotr won by resignation"]

1. Nf3 d5 2. g3 Bg4 3. Bg2 Nd7 4.
O-O c6 5. d3 e6 6. Nbd2 Be7 7.
e4 Ngf6 8. h3 Bh5 9. Qe1 O-O 10.
e5 Ne8 11. a4 a5 12. Nb3 Nc7 13. Bd2 b6 14. Nfd4 Nb8 15. f4 f5 16. exf6 Bxf6 17. Nxe6 Nxe6 18. Qxe6+ Bf7 19. Qe2 Bxb2 20. Rae1 Bf6 21. g4 g6 22. g5 Bg7 23. f5 gxf5 24. Rxf5 Nd7 25. Bf4 Re8 26. Qf2 Rxe1+ 27. Qxe1 Nf8 28.
Bd2 Ra7 29. h4 Re7 30. Qf2 Bg6 31. Rf3 Bh5 32. Re3 Rf7 33. Qg3 c5 34. Re1 c4 35. Nc1 Bd4+ 36. Be3 Bc3 37. Rf1 Rxf1+ 38. Bxf1 Ng6 39. dxc4 Be5 40. Qf2 d4 41. Bd2 Qd6 42.
Bg2 Bh2+ 43. Kf1 Bg3 44. Bd5+ Qxd5 45. cxd5 Bxf2 46. Kxf2 Nxh4 47. Nb3 Nf5 48. Bf4 Bf7 49.
d6 Kf8 50. Ke2 Bc4+ 51. Kd2 Ke8 52. Nc1 Kd7 53. Nd3 Bxd3 54. Kxd3 Nxd6 55. Kxd4 Nf7 56. Kd5 Nd8 57. Be3 Kc7 58. c4 Nc6 59. Ke6 Nb4 60. Kf7 Nd3 61. Kg7 Ne5 62. Kxh7 Nxc4 63. Bf4+ Kd7 64. g6 Nd6 65. Bxd6 Kxd6 66. g7 1-0

[Event "*** SCC Grand Prix: Titled Tuesday Blitz"]
[Site "Chess.com"]
[Date "2020.08.25"]
[Round "2"]
[White "HanSchut"]
[Black "Angel_Hranitel_37"]
[Result "0-1"]
[WhiteElo "2248"]
[BlackElo "2453"]
[TimeControl "180+1"]
[EndTime "10:20:21 PDT"]
[Termination "Angel_Hranitel_37 won on time"]

1. e4 c5 2. Nf3 e6 3. c4 Nc6 4.
Nc3 Nd4 5. Be2 Ne7 6. d3 Nec6 7. Be3 g6 8. Rb1 Bg7 9. O-O O-O 10. Qc1 a6 11.
Bh6 b5 12. Bxg7 Kxg7 13. Re1 d6 14. Nxd4 Nxd4 15. b4 Bd7 16. Qb2 e5 17. Bf1 Qg5 18. Kh1 Rfb8 19. Qc1 Qxc1 20. Rexc1 bxc4 21. bxc5 dxc5 22.
dxc4 a5 23. Nd5 Bc6 24. f3 a4 25. Bd3 a3 26. Rxb8 Rxb8 27. Rb1 Rb2 28. Rxb2 axb2 29. Nc3 f5 30. Kg1 fxe4 31. fxe4 Ne6 32. Kf2 Kf6 33.
g3 Ng5 34. Ke3 Ke6 35. Nd1 Kd6 36. Nxb2 h5 37. Nd1 Ne6 38. Nc3 Nd4 39. a4 Nb3 40.
Nb5+ Ke7 41. Bc2 Nd4 42. Nxd4 cxd4+ 43. Kd3 Kd6 44. Bd1 Kc5 45. h3 Bd7 46. g4 hxg4 47. Bxg4 Bxa4 48. Be6 g5 49. Ke2 Bb3 50. Kd3 Ba2 51. Bd5 Kb4 52. Be6 Bb1+ 53. Kd2 Bxe4 0-1

[Event "*** SCC Grand Prix: Titled Tuesday Blitz"]
[Site "Chess.com"]
[Date "2020.08.25"]
[Round "2"]
[White "PawnEatingZombie"]
[Black "carlsen1001"]
[Result "1-0"]
[WhiteElo "2230"]
[BlackElo "2424"]
[TimeControl "180+1"]
[EndTime "10:20:21 PDT"]
[Termination "PawnEatingZombie won by checkmate"]

1. d4 Nf6 2. c4 e6 3. Nc3 Bb4 4. Qc2 d5 5. cxd5 exd5 6. Bf4 O-O 7. e3 c5 8. dxc5 Nc6 9. Nf3 Qa5 10. Bd3 h6 11.
O-O Qxc5 12. Rac1 Qe7 13. h3 Be6 14. Nb5 Rac8 15. Qb1 a6 16. Nbd4 Bd6 17. Nxc6 Rxc6 18. Rxc6 bxc6 19. Bxd6 Qxd6 20. Bxa6 c5 21. Be2 Rb8 22.
b3 c4 23. Rd1 cxb3 24. axb3 Qc5 25. Nd4 Ne4 26. Rc1 Qd6 27. Qd3 Ra8 28. Bf3 Nc5 29.
Qb5 Nd7 30. Nxe6 fxe6 31. Qc6 Qxc6 32. Rxc6 Kf7 33. Rc7 Ke7 34. Rb7 Kd6 35. g4 Kc6 36. Rb4 Kc5 37. Rf4 Ne5 38. Be2 g5 39. Rf6 Kd6 40.
Rxh6 Nd7 41. Rg6 Nc5 42. Rxg5 Ne4 43. h4 Nxg5 44. hxg5 Rg8 45. f4 e5 46. Kf2 d4 47.
Kf3 dxe3 48. Kxe3 exf4+ 49. Kxf4 Kd5 50. Bd3 Ke6 51. Bc4+ Ke7 52. Bxg8 Kd6 53. g6 Kc5 54. Kg5 Kd4 55. g7 Kc3 56. Bf7 Kb2 57. g8=Q Kb1 58. Qf8 Ka1 59. Bg6 Kb2 60. Kf6 Ka2 61. Kg7 Kxb3 62. g5 Kb2 63. Bh7 Ka1 64. g6 Ka2 65. Kh6 Kb3 66. g7 Kb2 67. g8=Q Ka1 68.
Qff7 Kb2 69. Qge8 Kc3 70. Qfd7 Kb4 71. Qec8 Ka3 72. Qdb7 Ka4 73. Qca8# 1-0

[Event "*** SCC Grand Prix: Titled Tuesday Blitz"]
[Site "Chess.com"]
[Date "2020.08.25"]
[Round "2"]
[White "karinachess1"]
[Black "dretch"]
[Result "0-1"]
[WhiteElo "2500"]
[BlackElo "2760"]
[TimeControl "180+1"]
[EndTime "10:20:22 PDT"]
[Termination "dretch won on time"]

1. c4 c6 2. Nf3 d5 3. d4 Nf6 4. g3 dxc4 5. Bg2 Nbd7 6. a4 a5 7.
Na3 Nb6 8. O-O g6 9. Ne5 Be6 10. Be3 Bg7 11. Rc1 O-O 12. h3 Nfd5 13. Bd2 Nb4 14.
Nf3 Bd5 15. Bc3 Qc7 16. Nc2 c5 17. dxc5 Qxc5 18. Ne3 Rfd8 19. Qe1 Bxc3 20. bxc3 Nc6 21. Rd1 Bxf3 22. Bxf3 Nxa4 23. Rxd8+ Rxd8 24. Qa1 b5 25. Kg2 Ne5 26. Be4 f5 27. Bc2 Qc6+ 28. Kg1 Rd2 29. Re1 Kf7 30. Qc1 Rd8 31. Qa3 Qd6 32. Qa1 Qc6 33. Qa3 Qc5 34. Qa1 Nb6 35. Qxa5 Ra8 36. Qb4 Qxb4 37. cxb4 Nc8 38. g4 fxg4 39. hxg4 Nd6 40.
f4 Nc6 41. Nd5 Ra2 42. Bb1 Rb2 43. e4 Nxb4 44. Nxb4 Rxb4 45. e5 Ne8 46. Be4 c3 47. Bd5+ e6 48. Be4 Rc4 49. f5 gxf5 50. gxf5 exf5 51. Bxf5 h6 52. e6+ Ke7 53. Bc2 b4 54.
Bb3 Rc5 55. Rf1 Nf6 56. Ra1 Rc7 57. Rc1 Ne4 58. Kg2 Nd2 59. Bd5 b3 60. Rh1 b2 61.
Ba2 c2 0-1

[Event "*** SCC Grand Prix: Titled Tuesday Blitz"]
[Site "Chess.com"]
[Date "2020.08.25"]
[Round "2"]
[White "Tactictic"]
[Black "Mikhail_Golubev"]
[Result "1-0"]
[WhiteElo "2370"]
[BlackElo "2630"]
[TimeControl "180+1"]
[EndTime "10:20:22 PDT"]
[Termination "Tactictic won on time"]

1. e4 c5 2. Nf3 d6 3. d4 Nf6 4. Nc3 cxd4 5. Nxd4 g6 6. Be3 Bg7 7. f3 O-O 8. Qd2 Nc6 9. O-O-O d5 10. Kb1 Nxd4 11. e5 Nf5 12. exf6 exf6 13. Nxd5 Nxe3 14. Qxe3 Be6 15. Bc4 f5 16. c3 Re8 17.
Nf4 Qg5 18. h4 Qh6 19. Bxe6 Rxe6 20. Qd2 Ree8 21. g4 Be5 22. g5 Qg7 23. h5 Bxf4 24.
Qxf4 Qe5 25. Qh4 Rac8 26. hxg6 hxg6 27. Qh7+ Kf8 28. Rd7 Qg7 29. Qh2 b5 30. Qd6+ Kg8 31. Qd5 b4 32. Rxf7 Qxf7 33. Rh8+ Kxh8 34. Qxf7 bxc3 35.
bxc3 Rb8+ 36. Kc2 Re2+ 37. Kd3 Rbe8 38. Qxg6 R2e3+ 39. Kc4 f4 40. Qh6+ Kg8 41. g6 R3e7 42. Qxf4 Rc8+ 43. Kb3 Rb7+ 44. Kc2 Rbc7 45. Qd4 Rc6 46.
Qd5+ Kh8 47. f4 Rxc3+ 48. Kd2 R3c7 49. Qe5+ Kg8 50. Qe6+ Kg7 51. f5 Rc6 52. Qe5+ Kh6 53. Qf4+ Kg7 54. Qh4 1-0

[Event "*** SCC Grand Prix: Titled Tuesday Blitz"]
[Site "Chess.com"]
[Date "2020.08.25"]
[Round "2"]
[White "albi1999"]
[Black "swimmerchess"]
[Result "0-1"]
[WhiteElo "2514"]
[BlackElo "2819"]
[TimeControl "180+1"]
[EndTime "10:20:23 PDT"]
[Termination "swimmerchess won by resignation"]

1. d4 Nf6 2. c4 e6 3. Nf3 d5 4.
g3 Bb4+ 5. Bd2 Be7 6. Bg2 c6 7.
O-O b6 8. Qc2 Ba6 9. b3 Nbd7 10.
Rd1 Rc8 11. Bc1 c5 12. Bb2 dxc4 13. Nc3 O-O 14. d5 exd5 15. Nxd5 Nxd5 16. Rxd5 Bb7 17.
Rd2 cxb3 18. axb3 Bxf3 19. Bxf3 Qc7 20. Qd3 Ne5 21. Bxe5 Qxe5 22. Rxa7 Rfd8 23. Rd7 g6 24. Qb5 Rb8 25. R2d3 Kg7 26. Kg2 Bg5 27. Qc4 Rxd7 28.
Rxd7 Rf8 29. h4 Bf6 30. Bd5 Be7 31. e4 f5 32. f4 Qb2+ 33. Kh3 Re8 34. exf5 gxf5 35.
Bf7 Qb1 36. Kg2 Ra8 37. Rxe7 Ra2+ 38. Re2 Rxe2+ 39. Qxe2 Kxf7 40. Qc4+ Kg7 41. Qc3+ Kg6 42. Qc4 Qe4+ 43. Kf2 Qxc4 44. bxc4 Kf6 45. Kf3 h5 46. Ke3 Ke6 47. Kd3 Kd6 48. Kc3 Kc6 49. Kb3 b5 50. Kc3 bxc4 51. Kxc4 Kd6 52. Kc3 Kd5 53. Kd3 c4+ 54.
Kc3 Kc5 55. Kc2 Kd4 56. Kd2 Ke4 57. Kc3 Kf3 58. Kxc4 Kxg3 59. Kd4 Kxf4 60. Kd5 Kg3 61. Ke5 f4 62. Kf5 f3 63. Kg5 f2 64. Kxh5 f1=Q 65.
Kg5 Qf4+ 66. Kg6 Qxh4 0-1

[Event "*** SCC Grand Prix: Titled Tuesday Blitz"]
[Site "Chess.com"]
[Date "2020.08.25"]
[Round "2"]
[White "arminmusovic"]
[Black "penguingm1"]
[Result "0-1"]
[WhiteElo "2584"]
[BlackElo "2990"]
[TimeControl "180+1"]
[EndTime "10:20:24 PDT"]
[Termination "penguingm1 won by resignation"]

1. a3 d5 2. Nc3 Bf5 3. d3 Nf6 4. Bg5 d4 5. Nb1 e5 6. Nf3 h6 7. Bh4 Nc6 8. h3 g5 9. Bg3 Qe7 10. Nbd2 Bg7 11. Bh2 O-O-O 12. g4 Bg6 13. Bg2 h5 14.
gxh5 Rxh5 15. Nf1 e4 16. dxe4 Nxe4 17. Ng3 Nxg3 18. Bxg3 f5 19. Qd3 Qe6 20. Qb3 Qxb3 21. cxb3 f4 22. Bh2 d3 23. O-O-O dxe2 24. Rxd8+ Kxd8 25. Ne1 Nd4 26. Kd2 Nxb3+ 27. Kxe2 Bxb2 28. Bf3 Nd4+ 29.
Kd2 Nxf3+ 30. Nxf3 Be4 31. Ke2 Rxh3 32. Rd1+ Kc8 33. Nxg5 Rxh2 34. Nxe4 Bxa3 35. Ng5 b6 36. Rd3 Bc5 37. Ne4 Be7 38. Rf3 Rh4 39. Nd2 a5 40. Nc4 a4 41. Ne5 Bd6 42. Nc4 b5 43. Nd2 a3 44. Nb3 c5 45. Rc3 c4 46. Nc1 Kd7 47. Rc2 Kc6 48. Kf3 Kd5 49. Rd2+ Kc6 50. Ne2 Rh3+ 51. Ke4 b4 52. Nd4+ Kb6 53. Nf5 Bc5 54.
Rd8 a2 55. Rb8+ Ka7 56. Rc8 a1=Q 57. Rxc5 Qb1+ 58. Ke5 Qd3 59. Rc7+ Kb6 60. Rf7 Rh5 61. Ke6 Rxf5 62. Rxf5 Qxf5+ 63. Kxf5 c3 64. Kxf4 c2 65. Ke5 c1=Q 66. f4 b3 67. f5 b2 0-1

[Event "*** SCC Grand Prix: Titled Tuesday Blitz"]
[Site "Chess.com"]
[Date "2020.08.25"]
[Round "2"]
[White "KarpovVadim"]
[Black "Rodalquilar"]
[Result "0-1"]
[WhiteElo "2314"]
[BlackElo "2631"]
[TimeControl "180+1"]
[EndTime "10:20:25 PDT"]
[Termination "Rodalquilar won by resignation"]

1. Nf3 d5 2. d4 Nf6 3. c4 e6 4.
Nc3 a6 5. c5 b6 6. cxb6 cxb6 7.
Bd2 Bb7 8. Bf4 Bd6 9. Bxd6 Qxd6 10. e3 O-O 11. Bd3 Nbd7 12. O-O Rac8 13. Rc1 Rc7 14. Qe2 b5 15. Nb1 Rfc8 16. Rxc7 Rxc7 17. h3 Ne4 18. Nbd2 f5 19. Nb3 h6 20. Rc1 Rxc1+ 21. Nxc1 Qb4 22. a3 Qa5 23. Qc2 b4 24. Nb3 Qa4 25.
axb4 Qxb4 26. Nbd2 Kh7 27. Qb3 a5 28. Qxb4 axb4 29. Bxe4 dxe4 30. Ne5 Nxe5 31. dxe5 Bd5 32. Kf1 g5 33. Ke2 f4 34. f3 exf3+ 35. Nxf3 Kg6 36. exf4 gxf4 37. Nd4 Bxg2 38. Nxe6 Kf5 39. Nd4+ Kxe5 40.
Nc2 b3 41. Na3 Bxh3 42. Nc4+ Kd4 43. Nd2 Be6 44. Kf3 Ke5 45. Nb1 h5 46. Nc3 Bd5+ 47.
Kf2 h4 48. Ne2 h3 49. Kg1 Bf3 50. Nc1 Kd4 51. Nxb3+ Ke3 52. Nc5 Bd5 53. Na4 f3 54. Nc3 f2+ 55. Kh2 f1=Q 56. Nxd5+ Kd4 0-1

[Event "*** SCC Grand Prix: Titled Tuesday Blitz"]
[Site "Chess.com"]
[Date "2020.08.25"]
[Round "2"]
[White "checkitas"]
[Black "mapleaff"]
[Result "1/2-1/2"]
[WhiteElo "1962"]
[BlackElo "2340"]
[TimeControl "180+1"]
[EndTime "10:20:26 PDT"]
[Termination "Game drawn by stalemate"]

1. d4 Nf6 2. c4 g6 3. Nf3 Bg7 4. g3 d6 5. Bg2 O-O 6. O-O Nc6 7. Nc3 a6 8. b3 e5 9. dxe5 dxe5 10. Qxd8 Rxd8 11. Bg5 Re8 12. Bxf6 Bxf6 13. Nd5 Bd8 14. Rfd1 Kg7 15. b4 Bf5 16. Rac1 Nd4 17. Nxd4 exd4 18. Rxd4 Rxe2 19. Ne3 Bf6 20. Nxf5+ gxf5 21. Rd7 Rae8 22. Bxb7 Rxa2 23. Bf3 Rb2 24. Rxc7 Rxb4 25. c5 a5 26. c6 a4 27. Rd7 a3 28. Bd5 Bb2 29. Rc2 Re1+ 30.
Kg2 Rd1 31. Rxf7+ Kg6 32. Rb7 Rxb7 33. cxb7 Be5 34. Rc6+ Kg7 35. Bc4 Rb1 36. Ra6 Rxb7 37. Rxa3 Rb2 38. Bd5 Bd4 39. Rf3 Kg6 40. Bc6 Rc2 41.
Bd7 Rc5 42. h4 h5 43. Be8+ Kg7 44. Rd3 Bf6 45. Bxh5 f4 46. Bf3 fxg3 47. fxg3 Rc2+ 48. Kh3 Rc1 49. Rd7+ Kh6 50. Be4 Rc3 51. Bf5 Bg7 52.
Kg4 Rc4+ 53. Kf3 Rd4 54. Rxd4 Bxd4 55. g4 Bf6 56. Kg3 Kg7 57. g5 Be5+ 58. Kg4 Bd4 59. h5 Be3 60. h6+ Kh8 61. Kh5 Bxg5 62. Kxg5 Kg8 63.
Be4 Kh8 64. Kg6 Kg8 65. Bd5+ Kh8 66. Be6 1/2-1/2

[Event "*** SCC Grand Prix: Titled Tuesday Blitz"]
[Site "Chess.com"]
[Date "2020.08.25"]
[Round "2"]
[White "DenLaz"]
[Black "MichailovM"]
[Result "0-1"]
[WhiteElo "2703"]
[BlackElo "2493"]
[TimeControl "180+1"]
[EndTime "10:20:27 PDT"]
[Termination "MichailovM won on time"]

1. d4 Nf6 2. c4 g6 3. Nc3 Bg7 4. e4 d6 5. Be2 O-O 6. Be3 c5 7. d5 b5 8. cxb5 a6 9. bxa6 Bxa6 10. Nf3 Qa5 11. O-O Nbd7 12. Bxa6 Rxa6 13. Nd2 Ne5 14. h3 Qb4 15. Qc2 Rb8 16. Rab1 Nc4 17. Nxc4 Qxc4 18. b3 Qb4 19. a4 Raa8 20. Bd2 Rc8 21. e5 dxe5 22. Rfe1 Ne8 23. Ne4 Qd4 24. Be3 Qxd5 25. Rbd1 Qc6 26. Nxc5 Nd6 27. Qe2 Rcb8 28. Rc1 Qe8 29.
Red1 Nf5 30. Qc4 Nd4 31. Bxd4 exd4 32. b4 e5 33. b5 Rc8 34. Qd5 Rd8 35. Qe4 f5 36. Qc2 e4 37. Qc4+ Qf7 38. b6 Rdb8 39. Qxf7+ Kxf7 40. Rb1 Ra5 41. Nd7 Rb7 42. Rdc1 Rxd7 43.
b7 Be5 44. b8=Q Bxb8 45. Rxb8 d3 46. Rd1 Rxa4 47. Rb2 Rad4 48. Rbd2 R4d6 49. g3 Kf6 50.
Kg2 Ke5 51. Re1 g5 52. f3 Rd4 53. Kf2 Rc7 54. Ke3 Rc2 55. fxe4 fxe4 56. Rb1 Rdc4 57.
Rb5+ Kf6 0-1

[Event "*** SCC Grand Prix: Titled Tuesday Blitz"]
[Site "Chess.com"]
[Date "2020.08.25"]
[Round "2"]
[White "labdalla"]
[Black "pedromartinez91"]
[Result "0-1"]
[WhiteElo "2240"]
[BlackElo "2453"]
[TimeControl "180+1"]
[EndTime "10:20:27 PDT"]
[Termination "pedromartinez91 won by resignation"]

1. d4 d5 2. c4 Nf6 3. Nf3 g6 4. Nc3 Bg7 5. Bg5 O-O 6. e3 c5 7.
Bxf6 Bxf6 8. cxd5 cxd4 9. Nxd4 Na6 10. Be2 Nc7 11. Bf3 Qd6 12. O-O Rd8 13. Rc1 Bd7 14.
Ne4 Qb6 15. Nxf6+ exf6 16. Qb3 Ne8 17. Qxb6 axb6 18. a3 f5 19. Rfd1 Rac8 20. g3 Nd6 21. Kg2 Rc5 22. Rxc5 bxc5 23. Nb3 Ba4 24. Nxc5 Bxd1 25.
Bxd1 Rc8 26. Nd7 Rc1 27. Bf3 Rb1 28. b4 Rb3 29. h4 Rxa3 30. Nc5 Ra2 31. h5 Rb2 32.
Nd3 Rb3 33. Be2 Kf8 34. h6 Ne4 35. Nc5 Nxc5 36. bxc5 Rc3 37. c6 bxc6 38. dxc6 Rxc6 39. Bf3 Rc1 40. Bd5 Ke7 41. Bb3 Rb1 42. Bc4 Rb6 43.
f4 Kf6 44. Kf3 Rb7 45. Bd5 Re7 46. e4 fxe4+ 47. Bxe4 Ra7 48. g4 Ra3+ 49. Kf2 Rh3 50. g5+ Ke7 51. Bf3 f5 52. Kg2 Rxf3 53. Kxf3 Kd6 54.
Ke3 Kc5 55. Kd3 Kd5 56. Ke3 Kc4 57. Ke2 Kd4 58. Kf3 Kd3 59. Kf2 Ke4 60. Kg3 Ke3 0-1

[Event "*** SCC Grand Prix: Titled Tuesday Blitz"]
[Site "Chess.com"]
[Date "2020.08.25"]
[Round "2"]
[White "BocharovD"]
[Black "SARGISMV"]
[Result "1-0"]
[WhiteElo "2688"]
[BlackElo "2462"]
[TimeControl "180+1"]
[EndTime "10:20:28 PDT"]
[Termination "BocharovD won by resignation"]

1. d4 Nf6 2. c4 c5 3. d5 e6 4. Nc3 exd5 5. cxd5 d6 6. Nf3 a6 7. a4 g6 8. Bf4 Bg7 9. e3 O-O 10. Be2 Re8 11. Nd2 Nbd7 12. Nc4 Ne5 13. Bxe5 dxe5 14. a5 e4 15. O-O Bf5 16. Qb3 Rb8 17. Rfd1 h5 18.
Na4 Nd7 19. Rac1 Qg5 20. Nd6 Bh3 21. g3 Re5 22. Nxc5 Bf8 23. Nxd7 Bxd7 24. Rc7 Bxd6 25. Rxd7 Rd8 26. Rxd8+ Qxd8 27. Qxb7 h4 28. b4 hxg3 29. hxg3 Rf5 30. Qb6 Qf6 31. Rf1 Rxd5 32. b5 Qg5 33.
Kg2 Rd2 34. Re1 axb5 35. a6 Bc5 36. Qb8+ Kg7 37. a7 Bxa7 38. Qxa7 Qf5 39. Kg1 b4 40. Qb6 Rb2 41. Qd4+ Qf6 42. Qxf6+ Kxf6 43. Bc4 Ke5 44. Bxf7 g5 45. Ra1 Kd6 46. Ra5 Rb1+ 47. Kg2 b3 48.
Bxb3 Rxb3 49. Rxg5 Rb4 50. Rf5 Ke6 51. g4 Rb8 52. Kg3 Rh8 53. Kf4 Rh4 54. Rh5 Rxh5 55. gxh5 Kf6 56. Kxe4 Kg7 57. Kd5 Kh6 58. e4 1-0

[Event "*** SCC Grand Prix: Titled Tuesday Blitz"]
[Site "Chess.com"]
[Date "2020.08.25"]
[Round "2"]
[White "djano"]
[Black "MrrRefrao"]
[Result "1-0"]
[WhiteElo "2439"]
[BlackElo "2211"]
[TimeControl "180+1"]
[EndTime "10:20:29 PDT"]
[Termination "djano won on time"]

1. c4 g6 2. Nc3 Bg7 3. g3 d6 4.
Bg2 e5 5. e3 f5 6. Nge2 Nf6 7. d4 O-O 8. b3 Nc6 9. Bb2 e4 10. Nf4 a6 11. Qe2 Qe8 12. h4 Rb8 13. f3 b5 14. cxb5 axb5 15. fxe4 b4 16. Ncd5 Nxe4 17.
Nxc7 Qf7 18. Qc4 Na5 19. Qxf7+ Kxf7 20. Bxe4 fxe4 21. Rc1 Bg4 22. Rh2 h6 23. Rf2 g5 24.
hxg5 hxg5 25. Nfe6+ Kg6 26. Nxf8+ Bxf8 27. Nd5 Bg7 28.
Ne7+ Kh7 29. Rc7 Rb7 30. Rh2+ Bh6 31. Rxb7 Nxb7 32. Nd5 Bf3 33. Nxb4 g4 34. Kd2 Kg6 35. Nd5 Nd8 36. Nf4+ Bxf4 37. exf4 Ne6 38. Ke3 Ng7 39.
Kf2 Nf5 40. Bc1 Nxd4 41. Be3 Nc2 42. a4 d5 43. f5+ Kxf5 44. Rh5+ Ke6 45. Rh6+ Ke5 46.
a5 d4 47. Bf4+ Kd5 48. Rh5+ Kc6 49. Re5 e3+ 50. Kg1 e2 51. Bd2 d3 52. Kf2 Nd4 53. b4 Nb3 54. b5+ Kb7 55. a6+ Kb6 56.
Be3+ Ka5 57. a7 d2 58. a8=Q+ Kb4 59. Qf8+ Ka4 60. Qa8+ Kb4 61. Bc5+ 1-0

[Event "*** SCC Grand Prix: Titled Tuesday Blitz"]
[Site "Chess.com"]
[Date "2020.08.25"]
[Round "2"]
[White "MestreSoares"]
[Black "MasterKroket"]
[Result "0-1"]
[WhiteElo "2120"]
[BlackElo "2403"]
[TimeControl "180+1"]
[EndTime "10:20:29 PDT"]
[Termination "MasterKroket won by resignation"]

1. Nf3 Nf6 2. b3 d6 3. Bb2 e5 4.
e3 Be7 5. d4 e4 6. Nfd2 O-O 7. c4 c6 8. Nc3 d5 9. cxd5 cxd5 10.
Be2 Nc6 11. O-O Bf5 12. Rc1 Rc8 13. f3 exf3 14. Bxf3 Bg6 15. Ndb1 Re8 16. Re1 Bd6 17. Ne2 Ne4 18. Nbc3 Bb4 19. a3 Ba5 20. b4 Bc7 21.
Nxe4 dxe4 22. Bg4 f5 23. Bh3 Qg5 24. Qd2 Rcd8 25. g3 Bb8 26. Bg2 Ne7 27. Nf4 Nd5 28.
Rc5 Bf7 29. Nxd5 Rxd5 30. Qf2 Bd6 31. Rxd5 Bxd5 32. Rc1 h5 33. Kh1 Kh7 34. Bh3 Rf8 35. Rc8 Rf6 36. Rd8 g6 37. Rd7+ Kh6 38. Bc1 Bc6 39.
Rd8 Bc7 40. Rc8 Rf7 41. Bd2 Bd5 42. b5 Bd6 43. a4 Be6 44. Ra8 b6 45. Bf1 Bb3 46.
a5 bxa5 47. Bxa5 Bd1 48. Be2 Bxe2 49. Qxe2 h4 50. gxh4 Qe7 51. Be1 Qb7 52. Rd8 Qc7 53.
Ra8 Qc1 54. Rd8 Bb4 55. Kg2 Qxe1 56. Qxe1 Bxe1 57. h5 gxh5 58. Rd6+ Kg5 59. b6 axb6 60. Rxb6 h4 61. Kf1 Bc3 62. h3 f4 63. Rb5+ Rf5 64.
Rb3 fxe3+ 65. Ke2 Bxd4 66. Rb8 Rf2+ 67. Ke1 Bc3+ 68. Kd1 e2+ 0-1

[Event "*** SCC Grand Prix: Titled Tuesday Blitz"]
[Site "Chess.com"]
[Date "2020.08.25"]
[Round "2"]
[White "Natalya_Buksa"]
[Black "serena-maria"]
[Result "0-1"]
[WhiteElo "2486"]
[BlackElo "2287"]
[TimeControl "180+1"]
[EndTime "10:20:30 PDT"]
[Termination "serena-maria won by checkmate"]

1. d4 Nf6 2. Nc3 d5 3. Bf4 g6 4. e3 Bg7 5. Nf3 c5 6. h4 h6 7. dxc5 Qa5 8. Bb5+ Nc6 9. O-O O-O 10. a4 a6 11. Be2 Qxc5 12. Ne5 Bf5 13. Bd3 Ne4 14. Bxe4 Bxe4 15. Nd7 Qc4 16. Nxf8 e5 17. Bg3 Rxf8 18. Nxe4 dxe4 19. Qd7 f5 20. b3 Qe2 21. Qxb7 Rf6 22. Rfe1 Qg4 23. Qc8+ Kh7 24. Rad1 Ne7 25. Qd7 Rf7 26. Qe6 Kg8 27. Rd7 Bf8 28. Bxe5 Qxh4 29.
Bg3 Qg5 30. Red1 h5 31. Bf4 Qg4 32. Rd8 h4 33. Kf1 h3 34. gxh3 Qxh3+ 35. Ke2 Qf3+ 36. Ke1 Qh1+ 37. Kd2 Qf3 38. Kc1 Qxf2 39. R8d2 Qf3 40.
Rg1 Qh5 41. Rh2 Qf3 42. Kb2 Bg7+ 43. Ka2 Kf8 44. Rd2 Kg8 45. Rd8+ Bf8 46. Rgd1 Qe2 47.
R1d2 Qe1 48. Qxa6 Qc1 49. Qc4 Kh7 50. Qxf7+ Bg7 51. Be5 Kh6 52. Qxg7+ Kg5 53. Qf6+ Kg4 54. Rg2+ Kf3 55. Rg3+ Ke2 56. Rc8 Nd5 57. Qc6 Nb4# 0-1

[Event "*** SCC Grand Prix: Titled Tuesday Blitz"]
[Site "Chess.com"]
[Date "2020.08.25"]
[Round "2"]
[White "exoticprincess"]
[Black "Iskusnyh"]
[Result "1/2-1/2"]
[WhiteElo "2885"]
[BlackElo "2561"]
[TimeControl "180+1"]
[EndTime "10:20:32 PDT"]
[Termination "Game drawn by repetition"]

1. e4 e6 2. d4 d5 3. Nc3 Nf6 4. Bg5 dxe4 5. Nxe4 Nbd7 6. Nf3 h6 7. Bh4 Be7 8. Nxf6+ Bxf6 9. Bg3 c5 10. c3 cxd4 11. Nxd4 O-O 12. Be2 Qb6 13. Nb3 a5 14. a4 Rd8 15.
Qc2 Nc5 16. Nxc5 Qxc5 17. O-O Bd7 18. Bf3 Bc6 19. Bxc6 Qxc6 20. Rfd1 Rxd1+ 21. Rxd1 Rd8 22. h3 Rd5 23. Qb3 h5 24. Bf4 g6 25. Be3 Be5 26.
Rxd5 exd5 27. Bb6 d4 28. Bxd4 Bxd4 29. cxd4 Qc1+ 30. Kh2 Qf4+ 31. Qg3 Qxd4 32. b3 b6 33. h4 Kg7 34. Kh3 Qd7+ 35. Kh2 Qd4 36. f4 Qb4 37. f5 Qd4 38. fxg6 fxg6 39. Qc7+ Kf6 40. Qc6+ Kf5 41. Qf3+ Qf4+ 42. Qxf4+ Kxf4 43. Kh3 Ke3 44. Kg3 Kd3 45. Kf4 Kc3 46. Kg5 Kxb3 47. Kxg6 Kxa4 48. Kxh5 b5 49. g4 b4 50. g5 b3 51. g6 b2 52. g7 b1=Q 53. g8=Q Qb5+ 54. Qg5 Kb4 55. Kg6 a4 56. Qd2+ Kc4 57. Qe2+ Kb4 58.
Qb2+ Kc4 59. Qc2+ Kb4 60. h5 Qe8+ 61. Kg5 Qe5+ 62. Kg4 Qe6+ 63. Kh4 Qe7+ 64. Kg4 Qe6+ 65. Kh4 Qe7+ 66. Kg4 Qe6+ 1/2-1/2

[Event "*** SCC Grand Prix: Titled Tuesday Blitz"]
[Site "Chess.com"]
[Date "2020.08.25"]
[Round "2"]
[White "FontVella8"]
[Black "SahajGrover"]
[Result "1-0"]
[WhiteElo "2466"]
[BlackElo "2664"]
[TimeControl "180+1"]
[EndTime "10:20:32 PDT"]
[Termination "FontVella8 won by resignation"]

1. e4 d5 2. exd5 Qxd5 3. Nc3 Qd8 4. d4 Nf6 5. Nf3 g6 6. Bc4 Bg7 7. O-O O-O 8. Re1 Nc6 9. h3 a6 10. a3 b6 11. d5 Na5 12. Ba2 c6 13. Be3 cxd5 14.
Nxd5 Nxd5 15. Bxd5 Ra7 16. Ba2 Rd7 17. Qc1 Bb7 18. b4 Nc6 19. Bh6 Nd4 20. Nxd4 Rxd4 21. Bxg7 Kxg7 22. Qe3 Re8 23. c3 Re4 24. Qg3 Rxe1+ 25.
Rxe1 e6 26. Qe5+ Qf6 27. Qxf6+ Kxf6 28. Rd1 Ke7 29. f3 Rc8 30. Rd3 a5 31. Kf2 axb4 32. axb4 Ra8 33. Rd2 Ra3 34. c4 Rc3 35. Rb2 Bc6 36. Ke2 g5 37. Kd2 Ra3 38. Bb1 h5 39. Bd3 h4 40. Ke3 Kd6 41. Kd2 Ke5 42. Ke3 f5 43. b5 Bb7 44. Ke2 Kd4 45. Rd2 Kc5 46. Kf2 Bc8 47. Ke2 e5 48. Kf2 Be6 49. Be2 e4 50.
fxe4 fxe4 51. Rd8 Ra2 52. Ke3 Bf5 53. Rd5+ Kb4 54. Rxf5 1-0

[Event "*** SCC Grand Prix: Titled Tuesday Blitz"]
[Site "Chess.com"]
[Date "2020.08.25"]
[Round "2"]
[White "eCztery"]
[Black "maurito96"]
[Result "1-0"]
[WhiteElo "2417"]
[BlackElo "2167"]
[TimeControl "180+1"]
[EndTime "10:20:34 PDT"]
[Termination "eCztery won on time"]

1. e4 c5 2. b3 d6 3. Bb2 e5 4. Nc3 Nc6 5. Nf3 h6 6. g3 Nge7 7. Bg2 g6 8. Nd5 Bg7 9. O-O Nxd5 10. exd5 Ne7 11. c3 O-O 12. d4 exd4 13. cxd4 Nxd5 14.
Qd2 Be6 15. dxc5 Bxb2 16. Qxb2 dxc5 17. Rad1 Qf6 18. Qc1 Rac8 19. Qxh6 Qg7 20. Qh4 Rfd8 21. Ng5 Qh8 22. Qa4 a6 23. Ne4 Nc3 24. Rxd8+ Rxd8 25.
Qa5 Ne2+ 26. Kh1 Qd4 27. Qxc5 Bf5 28. Qxd4 Rxd4 29. Nf6+ Kg7 30. Ne8+ Kf8 31. Bxb7 Kxe8 32. Re1 Rd2 33. Kg2 Kd7 34. Bf3 Nd4 35. Rd1 Rxd1 36. Bxd1 Bb1 37. a3 Ba2 38. b4 Kd6 39. f4 Bd5+ 40.
Kf2 Nb5 41. a4 Nc3 42. Bc2 Bc6 43. a5 Nd5 44. Bd3 Nxb4 45. Bc4 Bd5 46. Be2 Kc5 47.
h4 Bc4 48. g4 Bxe2 49. Kxe2 Nd5 50. Kf3 Kb5 51. h5 gxh5 52. gxh5 Kxa5 53. h6 Nf6 54. f5 Kb4 55. Kf4 Kc5 56. Ke5 Nh7 57. Ke4 Kd6 58.
Kd4 Ke7 59. Ke5 a5 60. Kd4 a4 61. Ke5 a3 62. f6+ Kd7 63. Kf5 a2 64. Ke5 a1=Q+ 65. Kd5 1-0

[Event "*** SCC Grand Prix: Titled Tuesday Blitz"]
[Site "Chess.com"]
[Date "2020.08.25"]
[Round "2"]
[White "crescentmoon2411"]
[Black "TST2014"]
[Result "1-0"]
[WhiteElo "2764"]
[BlackElo "2500"]
[TimeControl "180+1"]
[EndTime "10:20:35 PDT"]
[Termination "crescentmoon2411 won by resignation"]

1. e4 c5 2. Nf3 Nc6 3. Bb5 g6 4.
Bxc6 dxc6 5. d3 Bg7 6. h3 Nf6 7. Nc3 Nd7 8. O-O e5 9. Nh2 Nf8 10. f4 exf4 11. Bxf4 Ne6 12. Bg3 O-O 13. Qd2 c4 14. e5 cxd3 15. cxd3 Qd4+ 16. Kh1 Nc5 17. Rad1 Bf5 18. Rxf5 gxf5 19. Bf2 Qxe5 20. d4 Ne4 21.
dxe5 Nxd2 22. Rxd2 Bxe5 23. Nf3 Bf6 24. Rd7 b6 25. Rd6 Bxc3 26. bxc3 c5 27. Rf6 Rfe8 28. Rxf5 Re2 29. Bh4 Rxa2 30. Bf6 h6 31. Rh5 Kh7 32. Bg5 Re8 33. Rxh6+ Kg7 34. Rf6 Ree2 35. Nh4 Rac2 36. Rd6 Re6 37. Rd7 Rxc3 38. Rxa7 b5 39. Rb7 b4 40.
Kh2 b3 41. Bf4 Kf6 42. Nf3 c4 43. Ng5 Kf5 44. Nxe6 fxe6 45. Bd6 Rc2 46. Ba3 Ra2 47. Bb4 b2 48. Bc3 Ra3 49. Bxb2 Rb3 50. Rxb3 cxb3 51. g4+ Ke4 52. h4 Kf4 53. h5 Kg5 54. Kg3 e5 55.
Bxe5 b2 56. Bxb2 Kh6 57. Kh4 Kh7 58. g5 Kg8 59. g6 Kf8 60. h6 Kg8 61. h7+ Kf8 62.
h8=Q+ Ke7 63. g7 Ke6 64. g8=Q+ 1-0